 Dungeon Crawl Stone Soup version 0.31-a0-819-gf6de2f5ab6 (webtiles) character file.

Game seed: 3657412317675374139

21 qw the Shooter (level 2, 0/17 HPs)
             Began as a Gargoyle Hunter on Sept 23, 2023.
             Slain by a gnoll
             ... wielding a +0 halberd
              (14 damage)
             ... on level 2 of the Dungeon.
             The game lasted 00:00:17 (689 turns).

qw the Shooter (Gargoyle Hunter)                     Turns: 689, Time: 00:00:18

Health: 0/17       AC:  5    Str: 14    XL:     2   Next: 87%
Magic:  2/2        EV: 11    Int:  9    God:
Gold:   43         SH:  0    Dex: 13    Spells: 1/1 levels left

rFire   . . .        Y - +0 shortbow
rCold   . . .        (shield currently unavailable)
rNeg    + . .        c - +0 leather armour
rPois   inf          (no helmet)
rElec   +            (no cloak)
rCorr   .            (no gloves)
SInv    .            (no boots)
Will    .....        d - amulet of faith
Stlth   +            (no ring)
HPRegen 0.22/turn    (no ring)
MPRegen 0.08/turn

%: faith
@: no status effects
A: sickness immunity, AC +2, negative energy resistance 1, electricity
resistance, torment resistance 1, petrification resistance
a: no special abilities


You were on level 2 of the Dungeon.
You visited 1 branch of the dungeon, and saw 2 of its levels.

You collected 43 gold pieces.


Innate Abilities, Weirdness & Mutations

You are immune to sickness and miasma.
Your stone body is resilient. (AC +2)
You are immune to poison.
You resist negative energy. (rN+)
You are resistant to electric shocks. (rElec)
You are resistant to unholy torment.
You are immune to petrification.


   Skills:
 - Level 2.1 Fighting
 + Level 4.8 Ranged Weapons
 - Level 1.5 Dodging
 - Level 1.1 Stealth


You had one spell level left.
You didn't know any spells.
Your spell library was empty.

Inventory:

Hand Weapons
 Y - a +0 shortbow (weapon)
Armour
 c - a +0 leather armour (worn)
Jewellery
 d - an amulet of faith (around neck)
Potions
 e - a potion of invisibility {unknown}
 f - a potion of might {unknown}

Dungeon Overview and Level Annotations

Branches:
Dungeon (2/15)

Altars:


Message History

You start waiting.
Your surroundings suddenly seem different.
Partly explored, can't reach some places.
660 ||| READING scroll labelled CASHOIRIME.
As you read the scroll labelled CASHOIRIME, it crumbles to dust.
The air around you briefly surges with heat, but it dissipates.
It was a scroll of immolation.
Partly explored, can't reach some places.
661 ||| DROPPING scroll of butterflies.
You drop a scroll of butterflies.
Partly explored, can't reach some places.
What level of the Dungeon? (default 1, ? - help)
There is a stone staircase leading down here.
You climb downwards.
Found a whip.
There is a stone staircase leading up here.
Waypoint 1 assigned to D:2.
There is a stone staircase leading up here. 2 gnolls come into view.
The gnoll shouts!
You hear a shout! x2
The gnoll closely misses you.
A gnoll comes into view. It is wielding a +0 spear. x2
683 |||
Found retreat position at 0,2 (floor) with 0 blocking monsters and 2 monsters attacking at destination at distance 2
683 ||| Stepping ~*~*~tactically~*~*~ (retreating).
You shoot an arrow. The arrow closely misses the gnoll.
The gnoll barely misses you.
You shoot an arrow. The arrow hits the gnoll.
The gnoll is moderately wounded.
You shoot an arrow. The arrow hits the gnoll.
The gnoll is moderately wounded.
You shoot an arrow. The arrow hits the gnoll.
The gnoll is severely wounded.
You shoot an arrow.
The arrow hits the gnoll but does no damage.
The gnoll is severely wounded.
The gnoll hits you with a +0 whip. The gnoll barely misses you.
You shoot an arrow. The arrow hits the gnoll!
You kill the gnoll!
The gnoll hits you from afar with a +0 halberd!
Ouch! That really hurt!
You die...

# #. #
.###.#####.#g#
#......)g..gg#
#...)# ####@#
#.# #.# #.###
#.<.# ###.#
#.# #.# #.#


You could see a gnoll.

Vanquished Creatures
  A gnoll (D:2)
  A bat (D:1)
  2 endoplasms (D:1)
  2 giant cockroaches (D:1)
  2 goblins (D:1)
  A hobgoblin (D:1)
  2 jackals (D:1)
  A quokka (D:1)
  3 ball pythons (D:1)
  2 frilled lizards (D:1)
  A kobold (D:1)
  3 rats (D:1)
21 creatures vanquished.

Notes
Turn   | Place    | Note
-------+----------+-------------------------------------------
     0 | D:1      | qw the Gargoyle Hunter began the quest for the Orb.
     0 | D:1      | Reached XP level 1. HP: 12/12 MP: 1/1
     0 | D:1      | 0 ||| qw: Version: 0.3-a-83-gcd0e7d8
     0 | D:1      | 0 ||| qw: Game counter: 1644
     0 | D:1      | 0 ||| qw: Melee chars always use a shield: true
     0 | D:1      | 0 ||| qw: God list: Okawaru
     0 | D:1      | 0 ||| qw: Allow faded altars: false
     0 | D:1      | 0 ||| qw: Do Orc after clearing Dungeon:15 true
     0 | D:1      | 0 ||| qw: Do second Lair branch before Depths: true
     0 | D:1      | 0 ||| qw: Lair rune preference: random
     0 | D:1      | 0 ||| qw: Goals: Normal
     0 | D:1      | 0 ||| PLANNING D:1-11
   150 | D:1      | Reached XP level 2. HP: 15/17 MP: 2/2
   651 | D:1      | 651 ||| UPGRADING to amulet of faith.
   656 | D:1      | 656 ||| READING scroll labelled CAEVVUB QUYTT.
   657 | D:1      | 657 ||| READING scroll labelled PYXALE KEUH.
   660 | D:1      | 660 ||| READING scroll labelled CASHOIRIME.
   661 | D:1      | 661 ||| DROPPING scroll of butterflies.
   683 | D:2      | 683 ||| Stepping ~*~*~tactically~*~*~ (retreating).
   689 | D:2      | Slain by a gnoll

Levels and vault maps discovered:
D:1:      dpeg_arrival_rooms_c, layout_rooms, serial_forest,
          infiniplex_forest_end_3, infiniplex_forest_clump_long,
          infiniplex_forest_clump_cross, infiniplex_forest_clump_tiny,
          infiniplex_forest_corner_1, infiniplex_forest_clump_medium,
          infiniplex_forest_split, minmay_misc_feat_five
D:2:      layout_loops_ring, shapermc_ecumenical_altar_hornbeckon, serial_shops,
          nicolae_shop_real_fake_doors

Action                     || total
---------------------------++-------
   Fire: Shortbow          ||    68
    Use: Scroll            ||     3
 Armour: Leather armour    ||    28
  Dodge: Dodged            ||    34

Table legend:
 A = Non-vault XP
 B = Vault XP
 C = Vault XP percentage of total XP
 D = Non-vault monster count
 E = Vault monster count
 F = Vault count percentage of total count
                 A         B        C        D         E       F
            +---------+---------+-------+---------+---------+-------
      Total |      45 |       0 |   0.0 |      21 |       0 |   0.0
            +---------+---------+-------+---------+---------+-------
        D:1 |      31 |       0 |   0.0 |      20 |       0 |   0.0
        D:2 |      14 |       0 |   0.0 |       1 |       0 |   0.0
            +---------+---------+-------+---------+---------+-------
